 Dungeon Crawl Stone Soup version 0.31.0-11-ge490571c62 (webtiles) character file.

Game seed: 6057761197714955320

2 hikkokomori the Digger (level 1, 0/15 HPs)
             Began as a Formicid Wanderer on Feb 2, 2024.
             Slain by a gnoll
             ... wielding a +0 club
              (4 damage)
             ... on level 1 of the Dungeon.
             The game lasted 00:02:06 (122 turns).

hikkokomori the Digger (Formicid Wanderer)           Turns: 122, Time: 00:02:06

Health: 0/15       AC:  2    Str: 13    XL:     1   Next: 33%
Magic:  0/2        EV: 11    Int: 14    God:
Gold:   0          SH:  4    Dex: 13    Spells: 1/2 levels left

rFire   . . .        a - +0 club
rCold   . . .        d - +0 buckler
rNeg    . . .        c - +0 robe
rPois   .            (helmet unavailable)
rElec   .            (no cloak)
rCorr   .            (no gloves)
SInv    +            (no boots)
Will    .....        (no amulet)
Stlth   +            (no ring)
HPRegen 0.22/turn    (no ring)
MPRegen 0.08/turn

%: no passive effects
@: no status effects
A: permanent stasis, dig shafts and tunnels, antennae 3, four strong arms
a: Dig, Shaft Self


You were on level 1 of the Dungeon.
You visited 1 branch of the dungeon, and saw 1 of its levels.

Inventory:

Hand Weapons
 a - a +0 club (weapon)
Armour
 c - a +0 robe (worn)
 d - a +0 buckler (worn)
Scrolls
 b - a scroll of fog
Potions
 e - a potion of invisibility {unknown}


   Skills:
 + Level 1.1 Fighting
 - Level 1.0 Dodging
 + Level 0.2 Stealth
 + Level 2.7 Shields
 + Level 1.1 Spellcasting
 - Level 2.0 Summonings
 + Level 3.6 Earth Magic


You had one spell level left.
You knew the following spells:

 Your Spells              Type           Power      Damage    Failure   Level
a - Sandblast             Erth           22%        2d7       8%          1

Your spell library contained the following spells:

 Spells                   Type           Power      Damage    Failure   Level
 Summon Small Mammal      Summ           24%        N/A       16%         1
 Call Canine Familiar     Summ           6%         N/A       43%         3
 Leda's Liquefaction      Alch/Erth      2%         N/A       86%         4
 Petrify                  Alch/Erth      5%         N/A       86%         4


Dungeon Overview and Level Annotations

Branches:
Dungeon (1/15)

Altars:


Innate Abilities, Weirdness & Mutations

You cannot be hasted, slowed, berserked, paralysed or teleported.
You can dig through walls and to a lower floor.
You have a pair of large antennae on your head. (SInv)
Your four strong arms can wield two-handed weapons with a shield.


Message History

You barely miss the frilled lizard. The frilled lizard bites you.
Casting: Sandblast (safe; 8% risk of failure)
Confirm with . or Enter, or press ? or * to list all spells.
You don't know that spell.
You closely miss the frilled lizard. The frilled lizard barely misses you.
You closely miss the frilled lizard. The frilled lizard bites you.
The frilled lizard barely misses you.
You barely miss the frilled lizard. The frilled lizard misses you.
You closely miss the frilled lizard. The frilled lizard bites you.
You closely miss the frilled lizard. The frilled lizard bites you.
You block the frilled lizard's attack.
You miss the frilled lizard. You block the frilled lizard's attack.
You hit the frilled lizard.
You kill the frilled lizard!
Casting: Sandblast (safe; 8% risk of failure)
Confirm with . or Enter, or press ? or * to list all spells.
Aiming: Sandblast (safe; 8% risk of failure)
Press: ? - help, Shift-Dir - straight line, f - gnoll
Aim: a gnoll, wielding a +0 club (84% to hit)
The blast of sand misses the gnoll.
The gnoll hits you with a +0 club.
Unknown command.
Casting: Sandblast (safe; 8% risk of failure)
Confirm with . or Enter, or press ? or * to list all spells.
Aiming: Sandblast (safe; 8% risk of failure)
Press: ? - help, Shift-Dir - straight line, f/p - gnoll
Aim: a gnoll, wielding a +0 club (84% to hit)
The blast of sand hits the gnoll.
The gnoll is heavily wounded.
The gnoll hits you with a +0 club.
* * * LOW HITPOINT WARNING * * *
You block the gnoll's attack.
Unknown command.
You hit the gnoll.
The gnoll is severely wounded.
The gnoll closely misses you.
Unknown command.
You barely miss the gnoll.
The gnoll is severely wounded.
The gnoll hits you with a +0 club.
You die...

##.## ##.## ##.##
##.## ##.## ##.##
~~~... #.## ≈≈~~P.
##.## ≈~~~..#
##@#.## ≈~~[...
#g##..###### ~.~~[#.
#..........#
~~.~...###......####
~P...#..##......#
P...............#
....###..#......# .
............#
..#############


You could see a gnoll.

Vanquished Creatures
  A quokka (D:1)
  A frilled lizard (D:1)
2 creatures vanquished.

Notes
Turn   | Place    | Note
-------+----------+-------------------------------------------
     0 | D:1      | hikkokomori the Formicid Wanderer began the quest for the
                  | Orb.
     0 | D:1      | hikkokomori set off with the following items: a +0 club, a
                  | scroll of fog, a +0 robe, a +0 buckler; and the following
                  | spells available to memorise: Sandblast, Summon Small
                  | Mammal, Call Canine Familiar, Leda's Liquefaction, Petrify.
     0 | D:1      | Reached XP level 1. HP: 15/15 MP: 2/2
     2 | D:1      | Learned a level 1 spell: Sandblast
   122 | D:1      | Slain by a gnoll

Illustrated notes

Levels and vault maps discovered:
D:1:      nagdon_arrival_zigzag_paths, layout_rooms, serial_shops,
          nicolae_shop_tiny_glass, serial_bayou_pond_b

Action                     || total
---------------------------++-------
  Melee: Club              ||    17
   Cast: Sandblast         ||     4
Ability: Dig               ||     1
 Armour: Robe              ||    12
  Dodge: Dodged            ||     9
  Block: Buckler           ||     5
